 Dungeon Crawl Stone Soup version 0.30-a0-777-ga9a30cbeda (webtiles) character file.

Game seed: 15580326946291617838

739 Flugslaktarn the Cleaver (level 7, -3/63 HPs)
             Began as a Hill Orc Fighter on Feb 13, 2023.
             Slain by Edmund
             ... wielding a +3 flail of protection
              (4 damage)
             ... on level 4 of the Dungeon.
             The game lasted 00:03:11 (4149 turns).

Flugslaktarn the Cleaver (Hill Orc Fighter)         Turns: 4149, Time: 00:03:12

Health: -3/63      AC:  7    Str: 21    XL:     7   Next: 75%
Magic:  7/7        EV:  9    Int:  8    God:
Gold:   155        SH:  4    Dex: 10    Spells: 6/6 levels left

rFire   . . .      SeeInvis +    a - +0 war axe
rCold   . . .      Faith    .    c - +0 buckler
rNeg    . . .      Spirit   .    b - +0 scale mail
rPois   .          Reflect  .    (no helmet)
rElec   .          Harm     .    (no cloak)
rCorr   .          Rampage  .    (no gloves)
Will    .....                    (no boots) Stlth
                                 (no amulet)
HPRegen 0.30/turn                i - ring of see invisible
MPRegen 0.10/turn                (no ring)

@: mighty
A: no striking features
a: no special abilities


You were on level 4 of the Dungeon.
You visited 1 branch of the dungeon, and saw 4 of its levels.
You also visited: Sewer.

You collected 250 gold pieces.
You spent 95 gold pieces at shops.

Inventory:

Hand Weapons
 a - a +0 war axe (weapon)
Armour
 b - a +0 scale mail (worn)
 c - a +0 buckler (worn)
Jewellery
 i - a ring of see invisible (left hand)
   (You found it on level 2 of the Dungeon)
Scrolls
 g - a scroll of vulnerability
 h - 3 scrolls of poison
 j - a scroll of amnesia
 k - a scroll of fog
 l - a scroll of immolation
 m - a scroll of enchant armour
 r - a scroll of identify
 t - 3 scrolls of teleportation
 z - 4 scrolls of blinking
Potions
 d - a potion of might
 f - a potion of flight {unknown}
 n - a potion of brilliance
 o - a potion of lignification {unknown}


   Skills:
 + Level 6.1 Fighting
 * Level 8.0 Axes
 + Level 5.6 Armour
 - Level 3.2 Shields


You had 6 spell levels left.
You didn't know any spells.
Your spell library was empty.

Dungeon Overview and Level Annotations

Branches:
Dungeon (4/15)              Sewer (visited)
 Temple: D:4-7

Altars:
Ashenzari

Shops:
D:2 *

Annotations:
D:4 Edmund


Message History

You kill the endoplasm!
No target in view!
No target in view!
HP restored.
You hear the brisk hiss of a distant avalanche of sand.
An orc is nearby!
An orc is nearby!
The orc shouts!
The orc barely misses you.
You hit the orc but do no damage. The orc hits you but does no damage.
You hit the orc but do no damage. The orc barely misses you.
The orc hits you with a +0 dagger.
You hit the orc but do no damage. The orc hits you but does no damage.
You closely miss the orc. The orc hits you but does no damage.
You hit the orc but do no damage. You block the orc's attack.
You slash the orc!
You kill the orc!
No target in view!
No target in view!
No target in view!
No target in view!
No target in view!
No target in view!
No target in view!
Things that are here:
a +4 mace; an orc skeleton A frilled lizard comes into view.
Found 18 gold pieces.
The frilled lizard hisses angrily.
You block the frilled lizard's attack.
The frilled lizard bites you but does no damage.
You slash the frilled lizard!
You kill the frilled lizard!
No target in view!
No target in view!
No target in view!
You now have enough gold to buy a glowing scarf on D:2.
You can access your shopping list by pressing '$'.
You now have 155 gold pieces (gained 18).
You hear the brisk hiss of a very distant avalanche of sand.
You see here a frilled lizard corpse.
Edmund is nearby!
Unknown command.
Edmund shouts!
You feel very mighty all of a sudden. Edmund hits you but does no damage.
You hit Edmund but do no damage. Edmund hits you but does no damage.
A frilled lizard comes into view.
The frilled lizard hisses angrily.
You slash Edmund!
Edmund is lightly wounded.
You block Edmund's attack.
Edmund hits you with a +3 flail of protection!
You closely miss Edmund.
Edmund is lightly wounded.
Edmund misses you.
You closely miss Edmund.
Edmund is lightly wounded.
Edmund hits you with a +3 flail of protection!
You closely miss Edmund.
Edmund is lightly wounded.
Edmund hits you with a +3 flail of protection.
You slash Edmund!
Edmund is moderately wounded.
You block Edmund's attack.
You hit Edmund.
Edmund is heavily wounded.
You slash the frilled lizard!
You kill the frilled lizard!
Edmund hits you but does no damage.
You completely miss Edmund.
Edmund is heavily wounded.
Edmund hits you with a +3 flail of protection!
You barely miss Edmund.
Edmund is heavily wounded.
Edmund hits you with a +3 flail of protection. x2
You slash Edmund!
Edmund is severely wounded.
Edmund hits you with a +3 flail of protection!
You are too injured to fight recklessly!
You are too injured to fight recklessly!
You hit Edmund.
Edmund is severely wounded.
Edmund hits you with a +3 flail of protection!
* * * LOW HITPOINT WARNING * * *
You hit Edmund but do no damage.
Edmund is severely wounded.
You block Edmund's attack.
You hit Edmund but do no damage.
Edmund is severely wounded.
Edmund hits you with a +3 flail of protection.
* * * LOW HITPOINT WARNING * * *
You hit Edmund.
Edmund is almost dead.
Edmund hits you with a +3 flail of protection.
* * * LOW HITPOINT WARNING * * *
You hit Edmund.
Edmund is almost dead.
Edmund hits you with a +3 flail of protection.
You die...

##....## ..# ..
.###.......####).#..# ######
#.##.. #....##.......#
#....#
..##..###...#.)÷..#...
#....####..##.##........÷#.#
##.........#..###......#####
#.......###..##.......##
###.....#
#..@##.......#######
##...####..@.........[......
##..†........###..##.÷#....
#.........#..##....÷.#....
#.........#..##..........#
#......##..#............##
####....#.........##.....#
###.##.........#......#
#.................##.#
###..............###.#


You could see Edmund.

Vanquished Creatures
  Sigmund (D:2)
  2 bullfrogs (Sewer)
  A hound (D:4)
  2 iguanas (D:4)
  Natasha (thrice) (D:2)
  4 gnolls (D:3)
  10 adders
  A worm zombie (D:4)
  2 worms
  5 dart slugs
  6 orcs
  16 ball pythons
  17 endoplasms
  20 giant cockroaches
  8 hobgoblins
  4 jackals (D:1)
  8 quokkas
  9 bats
  16 frilled lizards
  8 goblins
  8 kobolds
  8 rats
159 creatures vanquished.

Vanquished Creatures (others)
  8 plants
8 creatures vanquished.

Grand Total: 167 creatures vanquished

Notes
Turn   | Place    | Note
-------+----------+-------------------------------------------
     0 | D:1      | Flugslaktarn the Hill Orc Fighter began the quest for the
                  | Orb.
     0 | D:1      | Reached XP level 1. HP: 19/19 MP: 1/1
   113 | D:1      | Reached skill level 3 in Axes
   116 | D:1      | Reached XP level 2. HP: 19/27 MP: 2/2
   263 | D:1      | Reached XP level 3. HP: 21/33 MP: 3/3
   552 | D:1      | Reached skill level 4 in Axes
   830 | D:2      | Found Madwaomn's Assorted Antiques.
   898 | D:2      | Noticed Sigmund
  1073 | D:2      | Noticed Natasha
  1081 | D:2      | Killed Natasha
  1082 | D:2      | Reached XP level 4. HP: 9/40 MP: 4/4
  1477 | D:2      | Killed Sigmund
  1478 | D:2      | Reached skill level 5 in Fighting
  1478 | D:2      | Reached skill level 6 in Axes
  1478 | D:2      | Reached XP level 5. HP: 24/48 MP: 5/5
  1478 | D:2      | Reached XP level 6. HP: 28/56 MP: 6/6
  1594 | D:2      | Noticed Natasha
  1603 | D:2      | Killed Natasha
  1649 | D:2      | Noticed Natasha
  1658 | D:2      | Killed Natasha
  1907 | D:2      | Found a faded altar of an unknown god.
  2179 | D:2      | Bought a scroll labelled TITEDW OCYDOISM for 19 gold pieces
  2179 | D:2      | Bought a scroll labelled UTULEI FIPHEH for 19 gold pieces
  2179 | D:2      | Bought a scroll labelled TABECS FAXEDU for 19 gold pieces
  2179 | D:2      | Bought a scroll labelled TITEDW OCYDOISM for 19 gold pieces
  2179 | D:2      | Bought a scroll labelled BOEPRO LERIEWN for 19 gold pieces
  2348 | D:3      | Found a broken altar of Ashenzari.
  2623 | D:3      | Found a glowing drain.
  2627 | Sewer    | Entered a sewer
  2742 | Sewer    | Reached skill level 5 in Armour
  2863 | Sewer    | Reached skill level 7 in Axes
  2863 | Sewer    | Reached XP level 7. HP: 60/61 MP: 7/7
  3766 | D:4      | Noticed Edmund
  3777 | D:4      | Reached skill level 8 in Axes
  4148 | D:4      | HP: 1/63 [Edmund/+3 flail of protection (5)]
  4149 | D:4      | Slain by Edmund

Illustrated notes

Levels and vault maps discovered:
D:1:      sevenhm_arrival_forest_fort_large_2, layout_rooms,
          minmay_shallow_snake_nest
D:2:      minmay_razor_zed, layout_basic, serial_shops,
          nicolae_shop_behind_doors, hellmonk_ecumenical_altar_inner_sanctum,
          uniq_sigmund, uniq_natasha
D:3:      layout_loops_ring, nicolae_ashenzari_skybound, gup_sewer_entry_spiral
D:4:      layout_cave_pools, lemuel_tele_altar, minmay_temple_entry_junction,
          enter_ossuary_3, minmay_lizard_king, uniq_edmund

Skill      XL: |  1  2  3  4  5  6  7 |
---------------+----------------------+-----
Axes           | 3 4 6 7 8 |  8.0
Fighting       | 4 5 6 |  6.1
Armour         | 4 5 |  5.6
Shields        | |  3.2

Action                     |  1- 3 |  4- 6 |  7- 9 || total
---------------------------+-------+-------+-------++-------
  Melee: War axe           |   106 |   220 |   174 ||   500
    Use: Potion            |       |     2 |     3 ||     5
         Scroll            |       |     7 |     4 ||    11
 Armour: Scale mail        |    62 |    87 |    96 ||   245
  Dodge: Dodged            |    47 |    93 |    83 ||   223
  Block: Buckler           |    21 |    47 |    39 ||   107

Table legend: (Time is in decaauts)
 A = Elapsed time spent in this place.
 B = Non-inter-level travel time spent in this place.
 C = Inter-level travel time spent in this place.
 D = Time resting spent in this place.
 E = Time spent auto-exploring this place.
 F = Levels seen in this place.
 G = Mean time per level.
                   A        B        C        D        E       F      G
               +--------+--------+--------+--------+--------+-----+--------+
         Total |   4370 |   4175 |    195 |    680 |   2270 |   5 |  874.0 |
       Dungeon |   3766 |   3571 |    195 |    574 |   2074 |   4 |  941.5 |
         Sewer |    603 |    603 |      0 |    106 |    195 |   1 |  603.0 |
               +--------+--------+--------+--------+--------+-----+--------+

Top non-repeatable levels by time:
     D:2: 1425 daAuts
     D:3: 1072 daAuts
     D:1: 963 daAuts
   Sewer: 603 daAuts
     D:4: 306 daAuts
